Workbook
Name ________________a1: #REF!
Name ___________sch2: #REF!
Name Rrelay: #REF!
Name sii: #REF!
Name SESHA_SAI_CONSTRUCTION: #REF!
Name IGP_M: #REF!
Name FGL: #REF!
Name x1byr1: #REF!
Name ______ifa1: #REF!
Name ________Vf1: #REF!
Name _________a1: #REF!
Name ____SS407: #REF!
Name _________sch2: #REF!
Name __________________SS409: #REF!
Name st_list: #REF!
Name FASDFSD: #REF!
Name __________WC3: #REF!
Name ___________________________CAN2: #REF!
Name GMRb: #REF!
Name __________DET1: #REF!
Name _______DAT8: #REF!
Name _2Excel_BuiltIn_Print_Area_3_1: #REF!
Name majororders: #REF!
Name ___pep99: #REF!
Name _______LMH2: #REF!
Name __________DET4: #REF!
Name _________________SS405: #REF!
Name ro: #REF!
Name TEST0: #REF!
Name Xl: #REF!
Name ______OPT9: #REF!
Name _____________LMH1: #REF!
Name __cdd2: #REF!
Name ________SS407: #REF!
Name ______________DET2: #REF!
Name _________SS404: #REF!
Name __________________________INT1: #REF!
Name Lsump: #REF!
Name FIT: #REF!
Name __tl1: #REF!
Name _______hxa1: #REF!
Name Vf: #REF!
Name ___DAT10: #REF!
Name _______________DET5: #REF!
Name __________________B32000: #REF!
Name ____________CCT220: #REF!
Name _A8: #REF!
Name ____________________________________Xl1: #REF!
Name __acs2: #REF!
Name _________________CVT220: #REF!
Name clot: #REF!
Name ____________bom1: #REF!
Name _____________CAN9: #REF!
Name light: #REF!
Name _______TER1: #REF!
Name ______________aba2: #REF!
Name If: #REF!
Name _________DAT5: #REF!
Name ______a655601: #REF!
Name _________DAT7: #REF!

Sheet Schedule No. 1A
A1: Item | B1: Description | C1: Country of origin2 | D1: Unit | E1: Quantity | F1: Unit Price1 | G1: Total Price1
F3: Foreign Currency [ ] CIP | G3: Foreign Currency [ ] CIP
A4: 1 | B4: 2 | C4: 3* | D4: 4 | E4: 5 | F4: 6 | G4: 7= 5 x 6
A5: Schedule No. 1A Plant and Mandatory Spare Parts Supplied from Abroad
A6: 1 | B6: Supply of 400 kV double circuit towers, complete with all stubs, nuts, bolts, locking nuts, washers, swivels/shackles, step bolts, tower notice and identification plates, ACDs, protective coating(Galvanizing), etc as per specification.
A8: 1.1 | B8: Tower type "4DL"
A9: 1.1.1 | B9: Tower type 4DL Standard | D9: each | E9: 1 | O9: 4DL
A10: 1.1.2 | B10: Tower type 4DL+1.5 m | D10: each | E10: 0 | I10: =E14+4+E34+E41+E48 -> 28 | O10: 4DL
A11: 1.1.3 | B11: Tower type 4DL+3 m | D11: each | E11: 1 | O11: 4DL
A12: 1.1.4 | B12: Tower type 4DL+4.5 m | D12: each | E12: 2 | O12: 4DL
A13: 1.1.5 | B13: Tower type 4DL+6 m | D13: each | E13: 6 | L13: =SUM(E9:E14) -> 23 | O13: 4DL
A14: 1.1.6 | B14: Tower type 4DL+9 m | D14: each | E14: 13 | O14: 4DL
A15: 1.2 | B15: Tower type "4D1"
A16: 1.2.1 | B16: Tower type 4D1 Standard | D16: each | E16: 0 | O16: 4D1
A17: 1.2.2 | B17: Tower type 4D1+1.5 m | D17: each | E17: 0 | O17: 4D1
A18: 1.2.3 | B18: Tower type 4D1+3 m | D18: each | E18: 0 | O18: 4D1
A19: 1.2.4 | B19: Tower type 4D1+4.5 m | D19: each | E19: 0 | I19: 4DT6 | J19: =SUM(E43:E48) -> 7 | O19: 4D1
A20: 1.2.5 | B20: Tower type 4D1+6 m | D20: each | E20: 0 | I20: 4DL | J20: =SUM(E9:E14) -> 23 | O20: 4D1
A21: 1.2.6 | B21: Tower type 4D1+9 m | D21: each | E21: 0 | I21: 4D1 | J21: =SUM(E16:E27) -> 4 | O21: 4D1
A22: 1.2.7 | B22: Tower type 4D1+12 m | D22: each | E22: 1 | I22: 4D25 | J22: =SUM(E29:E34) -> 9 | O22: 4D1
A23: 1.2.8 | B23: Tower type 4D1+15 m | D23: each | E23: 1 | I23: 4D45 | J23: =SUM(E36:E41) -> 2 | O23: 4D1
A24: 1.2.9 | B24: Tower type 4D1+20m | D24: each | E24: 1 | J24: =SUM(J19:J23) -> 45 | O24: 4D1
A25: 1.2.10 | B25: Tower type 4D1+25 m | D25: each | E25: 1 | O25: 4D1
A26: 1.2.11 | B26: Tower type 4D1+30 m | D26: each | E26: 0 | I26: Total tension tower | J26: =SUM(J22:J23)+J19 -> 18 | K26: 30 | O26: 4D1
A27: 1.2.12 | B27: Tower type 4D1+40 m | D27: each | E27: 0 | L27: =SUM(E16:E27) -> 4 | O27: 4D1
A28: 1.3 | B28: Tower type "4D25"
A29: 1.3.1 | B29: Tower type 4D25 Standard | D29: each | E29: 0 | O29: 4D25
A30: 1.3.2 | B30: Tower type 4D25+1.5 m | D30: each | E30: 0 | O30: 4D25
A31: 1.3.3 | B31: Tower type 4D25+3 m | D31: each | E31: 0 | O31: 4D25
A32: 1.3.4 | B32: Tower type 4D25+4.5 m | D32: each | E32: 2 | O32: 4D25
A33: 1.3.5 | B33: Tower type 4D25+6 m | D33: each | E33: 1 | O33: 4D25
A34: 1.3.6 | B34: Tower type 4D25+9 m | D34: each | E34: 6 | O34: 4D25
A35: 1.4 | B35: Tower type "4D45"
A36: 1.4.1 | B36: Tower type 4D45 Standard | D36: each | E36: 0 | O36: 4D45
A37: 1.4.2 | B37: Tower type 4D45+1.5 m | D37: each | E37: 0 | O37: 4D45
A38: 1.4.3 | B38: Tower type 4D45+3 m | D38: each | E38: 0 | O38: 4D45
A39: 1.4.4 | B39: Tower type 4D45+4.5 m | D39: each | E39: 0 | O39: 4D45
A40: 1.4.5 | B40: Tower type 4D45+6 m | D40: each | E40: 1 | O40: 4D45
A41: 1.4.6 | B41: Tower type 4D45+9 m | D41: each | E41: 1 | O41: 4D45
A42: 1.5 | B42: Tower type "4DT6"
A43: 1.5.1 | B43: Tower type 4DT6 Standard | D43: each | E43: 1 | O43: 4D60
A44: 1.5.2 | B44: Tower type 4DT6+1.5 m | D44: each | E44: 0 | O44: 4D60
A45: 1.5.3 | B45: Tower type 4DT6+3 m | D45: each | E45: 1 | O45: 4D60
A46: 1.5.4 | B46: Tower type 4DT6+4.5 m | D46: each | E46: 0 | L46: 30 | O46: 4D60
A47: 1.5.5 | B47: Tower type 4DT6+6 m | D47: each | E47: 1 | O47: 4D60
A48: 1.5.6 | B48: Tower type 4DT6+9 m | D48: each | E48: 4 | K48: =J24 -> 45 | O48: 4D60
A49: 1.6 | B49: Auxiliary Crossarm for tower
A50: 1.6.1 | B50: Auxiliary crossarm for tower type 4DT6 | D50: per set of three | E50: 3 | O50: 4D60
A51: 1.7 | B51: Tower Earthing
A52: 1.7.1 | B52: Type A | D52: Per Tower | E52: 30
A53: 1.7.2 | B53: Type B | D53: Per Tower | E53: 7
A54: 1.7.3 | B54: Type C | D54: Per Tower | E54: 7
A55: 1.7.4 | B55: Type D (if Required) | D55: Per Tower | E55: 1
A56: 1.8 | B56: Galvenized Tower Steel
A57: (a) | B57: Fabricated | D57: ton | E57: 10 | O57: 4DL
A58: (b) | B58: Non-fabricated | D58: ton | E58: 10 | O58: 4DL
A59: 2 | B59: Phase conductor, earthwire and OPGW cable, complete with repair sleeves and joints
A60: 2.1 | B60: "ACSR Finch" (double circuit line, both circuits erected, four conductors per phase) [3] | D60: Route km2 | E60: 13.5 | O60: Conductor
A61: 2.2 | B61: a) ACSR "Dorking" earthwire with necessary midspan joints and repair sleeves. One earthwire on the line. | D61: Route km2 | E61: 13.5
A62: 2.3 | B62: ACSR Dorking equivalent OPGW inclusive of joint boxes, fixing clamps, fusion splices and connections to the joint boxes. One OPGW earthwire on the line. | D62: Route km2 | E62: 13.5 | O62: OPGW
A63: 3.1 | B63: Insulator strings, with associated suspension and tension clamps for quadruple "ACSR Finch" Conductor
A64: 3.1.1 | B64: a) 210kN twin suspension Insulators set (Suspension) - disc only | D64: Set | E64: =6*J20 -> 138 | O64: Insulator
B65: b) 210kN twin suspension Insulators Fittings set for (Suspension) - hardware fittings only | D65: Set | E65: =6*J20 -> 138 | O65: Hardware
A66: 3.1.2 | B66: a) 210kN twin suspension Insulators set for (Heavy Suspension) - disc only | D66: Set | E66: =6*J21 -> 24 | O66: Insulator
B67: b) 210kN twin suspension Insulators Fittings Set for Conductor - hardware fittings only | D67: Set | E67: =6*J21 -> 24 | O67: Hardware
A68: 3.1.3 | B68: a) 210kN jumper suspension Insulators Set- disc only | D68: Set | E68: =6*9+6 -> 60 | O68: Insulator
B69: b) 210kN jumper suspension Insulators Fittings Set hardware fittings only | D69: Set | E69: =6*9+6 -> 60 | O69: Hardware
A70: 3.1.4 | B70: a) 400kN twin tension Insulators Set - disc only | D70: Set | E70: =12*J26-24 -> 192 | O70: Insulator
B71: b) 400kN twin tension Insulators Fittings Set - hardware fittings only | D71: Set | E71: =12*J26-24 -> 192 | O71: Hardware
A72: 3.1.5 | B72: a) 210kN single upright low duty Insulators Set - disc only | D72: Set | E72: 12 | I72: Terminal tower=4 | O72: Insulator
B73: b) 210kN single upright low duty Insulators Fittings Set hardware fittings only | D73: Set | E73: 12 | I73: Terminal tower=4 | O73: Hardware
A74: 3.1.6 | B74: a) 210kN single inverted low duty Insulators Set disc only | D74: Set | E74: 12 | I74: Terminal tower=4 | O74: Insulator
B75: b) 210kN single inverted low duty Insulators Fittings Set - hardware fittings only | D75: Set | E75: 12 | I75: Terminal tower=4 | O75: Hardware
A76: 3.2 | B76: Insulator strings, with associated suspension and tension clamps for quadruple " LL ACSR Finch" Conductor
A77: 3.2.1 | B77: a) 400kN twin tension Insulators Set - disc only | D77: Set | E77: 12
B78: b) 400kN twin tension Insulators Fittings Set - hardware fittings only | D78: Set | E78: 12
A79: 3.3 | B79: Counterweights for 210kN suspension insulator sets complete with yoke plate attachment bolts to be used for 4D1 towers:
A80: (a) | B80: - 40kg set | D80: each | E80: 6 | O80: Hardware
A81: (b) | B81: - 80kg set | D81: each | E81: 6 | O81: Hardware
A82: (c) | B82: - 120kg set | D82: each | E82: 6 | O82: Hardware
A83: 4.1 | B83: Earthwire sets, complete with all accessories.
A84: 4.1.1 | B84: Suspension set for ACSR "Dorking"earthwire | D84: set | E84: =J20+J21 -> 27
A85: 4.1.2 | B85: Tension set for ACSR "Dorking" earthwire | D85: set | E85: =J26*2+2 -> 38
A86: 4.2 | B86: OPGW sets, complete with all accessories, incl. armour rods and earth bounds | O86: #REF!
A87: 4.2.1 | B87: Suspension set (including all fittings and accessories for surplus and to guide the OPGW to the joint box) | D87: set | E87: =J20+J21 -> 27 | O87: OPGW
A88: 4.2.2 | B88: Tension set (including all fittings and accessories for surplus and to guide the OPGW to the joint box) | D88: set | E88: =2*J26+2 -> 38 | O88: OPGW
A89: 5 | B89: Dampers
A90: 5.1 | B90: Vibration damper for phase conductor | D90: per span | E90: =$J24 -> 45 | O90: Hardware
A91: 5.2 | B91: Spacer damper for phase conductor | D91: per span | E91: =E90 -> 45 | O91: Hardware
A92: 5.3 | B92: Vibration damper for OPGW | D92: per span | E92: =E90 -> 45 | O92: OPGW
A93: 5.4 | B93: Vibration Damper for Earthwire | D93: per span | E93: =E90 -> 45
A94: 5.5 | B94: Spacer for jumper | D94: nos. | E94: =6*8+13*6 -> 126 | O94: Hardware
A95: 6 | B95: Aerial Markers and Tower Paint
A96: 6.1 | B96: Air craft obstruction lights solar powered complete with lamps, solar, panels, batteries, control equipment cables, support framework, tower work platform etc. | D96: Per tower | E96: 28 | O96: Aviation
A97: 6.2 | B97: Bird diverters | D97: pcs. | E97: 228 | O97: Aviation
A98: 6.3 | B98: Bird guards, one bird guard per each crossarm applied on intermediate towers | D98: pcs. | E98: =27*6 -> 162 | O98: Aviation
A99: 6.4 | B99: Aircraft warning spheres | D99: pcs. | E99: 310 | O99: Aviation
A100: 6.5 | B100: Painting of 60 meter and over tower in accordance with the requirements of the Technical Specification | D100: per tower | E100: 28 | O100: Painting
A101: 6.6 | B101: Painting of tower (Reflecting Paint) upto 3 meter in submerge area in accordance with the requirements of the Technical Specification | D101: Per tower | E101: 5 | O101: Painting
A102: 6.7 | B102: Coal tar epoxy coatings on all tower steelwork up to 3.0m/HFL whichever is greater from ground level in accordance with the requirements of the Technical Specification | D102: Per tower | E102: 45
...

Sheet Schedule No. 2A
A1: Item | B1: Description | C1: Unit | D1: Quantity | E1: Unit Price1 | G1: Total Price1
E3: Local Currency EXW [BDT] | F3: Foreign Currency EXW [ ] | G3: Local Currency EXW [BDT] | H3: Foreign Currency EXW [ ]
A4: 1 | B4: 2 | C4: 3 | D4: 4 | E4: 5 | F4: 6 | G4: 7=4*5 | H4: 8=4*6
A5: Schedule No. 2A Plant and Mandatory Spare Parts Supplied from Within the Employer's Country
A6: 1 | B6: Supply of 400 kV double circuit towers, complete with all stubs, nuts, bolts, locking nuts, washers, swivels/shackles, step bolts, tower notice and identification plates, ACDs, protective coating(Galvanizing), etc as per specification.
A8: 1.1 | B8: Tower type "4DL"
A9: 1.1.1 | B9: Tower type 4DL Standard | C9: each | D9: 1
A10: 1.1.2 | B10: Tower type 4DL+1.5 m | C10: each | D10: 0
A11: 1.1.3 | B11: Tower type 4DL+3 m | C11: each | D11: 1
A12: 1.1.4 | B12: Tower type 4DL+4.5 m | C12: each | D12: 2
A13: 1.1.5 | B13: Tower type 4DL+6 m | C13: each | D13: 6 | L13: =SUM(D9:D14) -> 23
A14: 1.1.6 | B14: Tower type 4DL+9 m | C14: each | D14: 13
A15: 1.2 | B15: Tower type "4D1"
A16: 1.2.1 | B16: Tower type 4D1 Standard | C16: each | D16: 0
A17: 1.2.2 | B17: Tower type 4D1+1.5 m | C17: each | D17: 0
A18: 1.2.3 | B18: Tower type 4D1+3 m | C18: each | D18: 0
A19: 1.2.4 | B19: Tower type 4D1+4.5 m | C19: each | D19: 0 | I19: 4DT6 | J19: =SUM(D43:D48) -> 7
A20: 1.2.5 | B20: Tower type 4D1+6 m | C20: each | D20: 0 | I20: 4DL | J20: =SUM(D9:D14) -> 23
A21: 1.2.6 | B21: Tower type 4D1+9 m | C21: each | D21: 0 | I21: 4D1 | J21: =SUM(D16:D27) -> 4
A22: 1.2.7 | B22: Tower type 4D1+12 m | C22: each | D22: 1 | I22: 4D25 | J22: =SUM(D29:D34) -> 9
A23: 1.2.8 | B23: Tower type 4D1+15 m | C23: each | D23: 1 | I23: 4D45 | J23: =SUM(D36:D41) -> 2
A24: 1.2.9 | B24: Tower type 4D1+20m | C24: each | D24: 1 | J24: =SUM(J19:J23) -> 45 | K24: =273 -> 273
A25: 1.2.10 | B25: Tower type 4D1+25 m | C25: each | D25: 1
A26: 1.2.11 | B26: Tower type 4D1+30 m | C26: each | D26: 0 | I26: Total tension tower | J26: =SUM(J22:J23)+J19 -> 18 | K26: 30
A27: 1.2.12 | B27: Tower type 4D1+40 m | C27: each | D27: 0 | L27: =SUM(D16:D27) -> 4
A28: 1.3 | B28: Tower type "4D25"
A29: 1.3.1 | B29: Tower type 4D25 Standard | C29: each | D29: 0
A30: 1.3.2 | B30: Tower type 4D25+1.5 m | C30: each | D30: 0
A31: 1.3.3 | B31: Tower type 4D25+3 m | C31: each | D31: 0
A32: 1.3.4 | B32: Tower type 4D25+4.5 m | C32: each | D32: 2
A33: 1.3.5 | B33: Tower type 4D25+6 m | C33: each | D33: 1
A34: 1.3.6 | B34: Tower type 4D25+9 m | C34: each | D34: 6
A35: 1.4 | B35: Tower type "4D45"
A36: 1.4.1 | B36: Tower type 4D45 Standard | C36: each | D36: 0
A37: 1.4.2 | B37: Tower type 4D45+1.5 m | C37: each | D37: 0
A38: 1.4.3 | B38: Tower type 4D45+3 m | C38: each | D38: 0
A39: 1.4.4 | B39: Tower type 4D45+4.5 m | C39: each | D39: 0
A40: 1.4.5 | B40: Tower type 4D45+6 m | C40: each | D40: 1
A41: 1.4.6 | B41: Tower type 4D45+9 m | C41: each | D41: 1
A42: 1.5 | B42: Tower type "4DT6"
A43: 1.5.1 | B43: Tower type 4DT6 Standard | C43: each | D43: 1
A44: 1.5.2 | B44: Tower type 4DT6+1.5 m | C44: each | D44: 0
A45: 1.5.3 | B45: Tower type 4DT6+3 m | C45: each | D45: 1
A46: 1.5.4 | B46: Tower type 4DT6+4.5 m | C46: each | D46: 0 | L46: 30
A47: 1.5.5 | B47: Tower type 4DT6+6 m | C47: each | D47: 1
A48: 1.5.6 | B48: Tower type 4DT6+9 m | C48: each | D48: 4 | K48: =J24 -> 45
A49: 1.6 | B49: Auxiliary Crossarm for tower
A50: 1.6.1 | B50: Auxiliary crossarm for tower type 4DT6 | C50: per set of three | D50: 3
A51: 1.7 | B51: Tower Earthing
A52: 1.7.1 | B52: Type A | C52: Per Tower | D52: 41
A53: 1.7.2 | B53: Type B | C53: Per Tower | D53: 2
A54: 1.7.3 | B54: Type C | C54: Per Tower | D54: 2
A55: 1.7.4 | B55: Type D (if Required) | C55: Per Tower | D55: 0
A56: 1.8 | B56: Galvenized Tower Steel
A57: (a) | B57: Fabricated | C57: ton | D57: 10
A58: (b) | B58: Non-fabricated | C58: ton | D58: 10
A59: 2 | B59: Phase conductor, earthwire and OPGW cable, complete with repair sleeves and joints
A60: 2.1 | B60: "ACSR Finch" (double circuit line, both circuits erected, four conductors per phase) [3] | C60: Route km2 | D60: 13.5
A61: 2.2 | B61: ACSR "Dorking" earthwire with necessary midspan joints and repair sleeves. One earthwire on the line. | C61: Route km2 | D61: 13.5
A62: 2.3 | B62: ACSR Dorking equivalent OPGW inclusive of joint boxes, fixing clamps, fusion splices and connections to the joint boxes. One OPGW earthwire on the line. | C62: Route km2 | D62: 13.5
A63: 3.1 | B63: Insulator strings, with associated suspension and tension clamps for quadruple "ACSR Finch" Conductor
A64: 3.1.1 | B64: a) 210kN twin suspension Insulators set (Suspension) - disc only | C64: Set | D64: 138
B65: b) 210kN twin suspension Insulators Fittings set for (Suspension) - hardware fittings only | C65: Set | D65: 138
A66: 3.1.2 | B66: a) 210kN twin suspension Insulators set for (Heavy Suspension) - disc only | C66: Set | D66: 24 | I66: Terminal tower=4
B67: b) 210kN twin suspension Insulators Fittings Set for Conductor - hardware fittings only | C67: Set | D67: 24 | I67: Terminal tower=4
A68: 3.1.3 | B68: a) 210kN jumper suspension Insulators Set- disc only | C68: Set | D68: 60 | I68: Terminal tower=4
B69: b) 210kN jumper suspension Insulators Fittings Set hardware fittings only | C69: Set | D69: 60 | I69: Terminal tower=4
A70: 3.1.4 | B70: a) 400kN twin tension Insulators Set - disc only | C70: Set | D70: 192
B71: b) 400kN twin tension Insulators Fittings Set - hardware fittings only | C71: Set | D71: 192
A72: 3.1.5 | B72: a) 210kN single upright low duty Insulators Set - disc only | C72: Set | D72: 12
B73: b) 210kN single upright low duty Insulators Fittings Set hardware fittings only | C73: Set | D73: 12
A74: 3.1.6 | B74: a) 210kN single inverted low duty Insulators Set disc only | C74: Set | D74: 12
B75: b) 210kN single inverted low duty Insulators Fittings Set - hardware fittings only | C75: Set | D75: 12
A76: 3.2 | B76: Insulator strings, with associated suspension and tension clamps for quadruple " LL ACSR Finch" Conductor
A77: 3.2.1 | B77: a) 400kN twin tension Insulators Set - disc only | C77: Set | D77: 12
B78: b) 400kN twin tension Insulators Fittings Set - hardware fittings only | C78: Set | D78: 12
A79: 3.3 | B79: Counterweights for 210kN suspension insulator sets complete with yoke plate attachment bolts to be used for 4D1 towers:
A80: (a) | B80: - 40kg set | C80: each | D80: 6
A81: (b) | B81: - 80kg set | C81: each | D81: 6
A82: (c) | B82: - 120kg set | C82: each | D82: 6
A83: 4.1 | B83: Earthwire sets, complete with all accessories.
A84: 4.1.1 | B84: Suspension set for ACSR "Dorking"earthwire | C84: set | D84: 27
A85: 4.1.2 | B85: Tension set for ACSR "Dorking" earthwire | C85: set | D85: 38
A86: 4.2 | B86: OPGW sets, complete with all accessories, incl. armour rods and earth bounds
A87: 4.2.1 | B87: Suspension set (including all fittings and accessories for surplus and to guide the OPGW to the joint box) | C87: set | D87: 27
A88: 4.2.2 | B88: Tension set (including all fittings and accessories for surplus and to guide the OPGW to the joint box) | C88: set | D88: 38
A89: 5 | B89: Dampers
A90: 5.1 | B90: Vibration damper for phase conductor | C90: per span | D90: 45
A91: 5.2 | B91: Spacer damper for phase conductor | C91: per span | D91: 45
A92: 5.3 | B92: Vibration damper for OPGW | C92: per span | D92: 45
A93: 5.4 | B93: Vibration Damper for Earthwire | C93: per span | D93: 45
A94: 5.5 | B94: Spacer for jumper | C94: nos. | D94: 126
A95: 6 | B95: Aerial Markers and Tower Paint
A96: 6.1 | B96: Air craft obstruction lights solar powered complete with lamps, solar, panels, batteries, control equipment cables, support framework, tower work platform etc. | C96: Per tower | D96: 28
A97: 6.2 | B97: Bird diverters | C97: pcs. | D97: 228
A98: 6.3 | B98: Bird guards, one bird guard per each crossarm applied on intermediate towers | C98: pcs. | D98: 162
A99: 6.4 | B99: Aircraft warning spheres | C99: pcs. | D99: 310
A100: 6.5 | B100: Painting of 60 meter and over tower in accordance with the requirements of the Technical Specification | C100: per tower | D100: 28
A101: 6.6 | B101: Painting of tower (Reflecting Paint) upto 3 meter in submerge area in accordance with the requirements of the Technical Specification | C101: Per tower | D101: 5
A102: 6.7 | B102: Coal tar epoxy coatings on all tower steelwork up to 3.0m/HFL whichever is greater from ground level in accordance with the requirements of the Technical Specification | C102: Per tower | D102: 45
...

Sheet Schedule No. 3A
A3: Item | B3: Description | C3: Unit | D3: Quantity | E3: Unit Price1 | G3: Total Price1
E5: Local Currency [BDT] | F5: Foreign Currency [ ] | G5: Local Currency [BDT] | H5: Foreign Currency [ ]
A6: 1 | B6: 2 | C6: 3 | D6: 4 | E6: 5 | F6: 6 | G6: 7 = 4 x 5 | H6: 8 = 4 x 6
A7: Schedule No. 3A Design Services
A8: 1 | B8: Line Design
A9: 1.1 | B9: Detailed line design including plan and profiles; conductor, earthwire and OPGW sag tension calculations; tower spotting, establishment of line schedule; Design of insulator strings, OPGW and earthwire attachments | C9: Lump sum | D9: 1
A11: 2 | B11: Tower Test
A12: 2.1 | B12: Proto assembly of all type towers with all extensions to prove compliance with specification. Payment for successful test only.
A13: (a) | B13: Tower type 4DL | C13: each | D13: 1
A14: (b) | B14: Tower type 4D1 | C14: each | D14: 1
A15: (c) | B15: Tower type 4D25 | C15: each | D15: 1
A16: (d) | B16: Tower type 4D45 | C16: each | D16: 1
A17: (e) | B17: Tower type 4DT6 | C17: each | D17: 1
A18: 3 | B18: Foundation Design
A19: 3.1 | B19: Foundation design for all soil types | C19: Lump sum | D19: 1
A20: Total Columns 7 and 8 to be carried forward to Schedule No. 5 -Grand Summary
B23: 1. Specify currency in accordance with specifications in Bid Data Sheet under ITB 19.1 in Single-stage Bid. Create and use as many columns for Unit Price and Total Price as there are currencies.

Sheet Schedule No. 4A
A1: Item | B1: Description | C1: Unit | D1: Quantity | E1: Unit Price1 | G1: Total Price1
E3: Local Currency [BDT] | F3: Foreign Currency [ ] | G3: Local Currency [BDT] | H3: Foreign Currency [ ]
A4: 1 | B4: 2 | C4: 3 | D4: 4 | E4: 5 | F4: 6 | G4: 7 = 4 x 5 | H4: 8= 4x6
A5: Schedule No. 4A Installation and Other Services
A6: 1 | B6: Survey, soil investigation works & Route Clearance
A7: 1.1 | B7: Survey Work & Route Clearance
A8: 1.1.1 | B8: Check survey in accordance with the requirements of the technical specification, incl. Full ground survey with change of route, if any, tower plotting and preparation and submission of route maps,submission of tower footing area on mouza maps for each tower location, profile drawings, SIMM documents, etc. | C8: Km | D8: 13.5
A10: 1.2 | B10: Geotechnical Investigations incl. taking samples, logging and lab testing
A11: 1.2.1 | B11: Boreholes for geotechnical investigation, incl. laboratory test, borehole logs, sampling and interpretive report as per geotechnical specification
A12: (a) | B12: Level 2 | C12: borehole | D12: 2
A13: (b) | B13: Level 4 | C13: borehole | D13: 2
A14: 1.2.2 | B14: Soil resistivity tests (one per tower) | C14: unit | D14: 45
A15: 2 | B15: Foundations for towers including all setting out, Concrete, Reinforcement, Excavation, Pumping, Stub-Setting, Geotechnical Investigation (Level 2), Shuttering, Leveling, Timbering, supply & Installation of foundation steelwork, Earthing Materials,Backfilling, approved Protective Coating & site clearing etc.
A16: 2.1 | B16: Tower type "4DL"
A17: 2.1.1 | B17: Pile Foundation for Soil Category-2 with 2m Raised Chimney | C17: per tower | D17: 8
A18: 2.1.2 | B18: Pile Foundation for Soil Category-3 with 2m Raised Chimney | C18: per tower | D18: 7
A19: 2.1.3 | B19: Pile Foundation for Soil Category-4 with 2m Raised Chimney | C19: per tower | D19: 6 | I19: =SUM(D17:D19) -> 21
A20: 2.2 | B20: Tower type "4D1 (0m to 15m body extension)"
A21: 2.2.1 | B21: Pile Foundation for any Soil Category with 2m Raised Chimney | C21: per tower | D21: 1
A22: 2.3 | B22: Tower type "4D1( 20m body extension)"
A23: 2.3.1 | B23: Pile Foundation for any Soil Category with 2m Raised Chimney | C23: per tower | D23: 1
A24: 2.3 | B24: Tower type "4D1(25m body extension)"
A25: 2.3.1 | B25: Pile Foundation for any Soil Category with 2m Raised Chimney | C25: per tower | D25: 1
A26: 2.4 | B26: Tower type "4D25" | I26: =SUM(D21:D25) -> 3
A27: 2.4.1 | B27: Pile Foundation for Soil Category-2 with 2m Raised Chimney | C27: per tower | D27: 3
A28: 2.4.2 | B28: Pile Foundation for Soil Category-3 with 2m Raised Chimney | C28: per tower | D28: 3
A29: 2.4.3 | B29: Pile Foundation for Soil Category-4 with 2m Raised Chimney | C29: per tower | D29: 2
A30: 2.5 | B30: Tower type "4D45" | I30: =SUM(D27:D29) -> 8
A31: 2.5.1 | B31: Pile Foundation for any Soil Category with 2m Raised Chimney | C31: per tower | D31: 2
A32: 2.6 | B32: Tower type "4DT6" | I32: =SUM(D31) -> 2
A33: 2.6.1 | B33: Pile Foundation for Soil Category-2 with 2m Raised Chimney | C33: per tower | D33: 2
A34: 2.6.2 | B34: Pile Foundation for Soil Category-3 with 2m Raised Chimney | C34: per tower | D34: 3
A35: 2.6.3 | B35: Pile Foundation for Soil Category-4 with 2m Raised Chimney | C35: per tower | D35: 2 | I35: =SUM(D33:D35) -> 7
A36: 2.7 | B36: River Crossing Foundation for any soil category with 2m Raised Chimney
A37: 2.7.1 | B37: Pile Foundation for Tower Type 4DL (Any Extension) | C37: per tower | D37: 2
A38: 2.7.2 | B38: Pile Foundation for Tower Type 4D1 (Any Extension) | C38: per tower | D38: 1
A39: 2.7.3 | B39: Pile Foundation for Tower Type 4D25 (Any Extension) | C39: per tower | D39: 1 | I39: =SUM(D37:D39) -> 4
A40: 3 | B40: Erection of 400kV double circuit towers complete with all stubs, nuts, bolts, locking nuts, washers, phase conductor and earthwire , step bolts, tower notice and identification plates, ACDs, ptotective coating (Galvanizing), earthing etc. | I40: =SUM(I19:I39) -> 45
A41: 3.1 | B41: Tower type "4DL"
A42: 3.1.1 | B42: Tower type 4DL Standard | C42: ='Schedule No. 1A'!D9 -> each | D42: ='Schedule No. 1A'!E9 -> 1
A43: 3.1.2 | B43: Tower type 4DL+1.5 m | C43: ='Schedule No. 1A'!D10 -> each | D43: ='Schedule No. 1A'!E10 -> 0
A44: 3.1.3 | B44: Tower type 4DL+3 m | C44: ='Schedule No. 1A'!D11 -> each | D44: ='Schedule No. 1A'!E11 -> 1
A45: 3.1.4 | B45: Tower type 4DL+4.5 m | C45: ='Schedule No. 1A'!D12 -> each | D45: ='Schedule No. 1A'!E12 -> 2
A46: 3.1.5 | B46: Tower type 4DL+6 m | C46: ='Schedule No. 1A'!D13 -> each | D46: ='Schedule No. 1A'!E13 -> 6
A47: 3.1.6 | B47: Tower type 4DL+9 m | C47: ='Schedule No. 1A'!D14 -> each | D47: ='Schedule No. 1A'!E14 -> 13
A48: 3.2 | B48: Tower type "4D1" | I48: =SUM(D42:D47) -> 23
A49: 3.2.1 | B49: Tower type 4D1 Standard | C49: ='Schedule No. 1A'!D16 -> each | D49: ='Schedule No. 1A'!E16 -> 0
A50: 3.2.2 | B50: Tower type 4D1+1.5 m | C50: ='Schedule No. 1A'!D17 -> each | D50: ='Schedule No. 1A'!E17 -> 0
A51: 3.2.3 | B51: Tower type 4D1+3 m | C51: ='Schedule No. 1A'!D18 -> each | D51: ='Schedule No. 1A'!E18 -> 0
A52: 3.2.4 | B52: Tower type 4D1+4.5 m | C52: ='Schedule No. 1A'!D19 -> each | D52: ='Schedule No. 1A'!E19 -> 0
A53: 3.2.5 | B53: Tower type 4D1+6 m | C53: ='Schedule No. 1A'!D20 -> each | D53: ='Schedule No. 1A'!E20 -> 0
A54: 3.2.6 | B54: Tower type 4D1+9 m | C54: ='Schedule No. 1A'!D21 -> each | D54: ='Schedule No. 1A'!E21 -> 0
A55: 3.2.7 | B55: Tower type 4D1+12 m | C55: ='Schedule No. 1A'!D22 -> each | D55: ='Schedule No. 1A'!E22 -> 1
A56: 3.2.8 | B56: Tower type 4D1+15 m | C56: ='Schedule No. 1A'!D23 -> each | D56: ='Schedule No. 1A'!E23 -> 1
A57: 3.2.9 | B57: Tower type 4D1+20 m | C57: ='Schedule No. 1A'!D24 -> each | D57: ='Schedule No. 1A'!E24 -> 1
A58: 3.2.10 | B58: Tower type 4D1+25 m | C58: ='Schedule No. 1A'!D25 -> each | D58: ='Schedule No. 1A'!E25 -> 1
A59: 3.2.11 | B59: Tower type 4D1+30 m | C59: ='Schedule No. 1A'!D26 -> each | D59: ='Schedule No. 1A'!E26 -> 0
A60: 3.2.12 | B60: Tower type 4D1+40 m | C60: ='Schedule No. 1A'!D27 -> each | D60: ='Schedule No. 1A'!E27 -> 0
A61: 3.3 | B61: Tower type "4D25" | I61: =SUM(D49:D60) -> 4
A62: 3.3.1 | B62: Tower type 4D25 Standard | C62: ='Schedule No. 1A'!D29 -> each | D62: ='Schedule No. 1A'!E29 -> 0
A63: 3.3.2 | B63: Tower type 4D25+1.5 m | C63: ='Schedule No. 1A'!D30 -> each | D63: ='Schedule No. 1A'!E30 -> 0
A64: 3.3.3 | B64: Tower type 4D25+3 m | C64: ='Schedule No. 1A'!D31 -> each | D64: ='Schedule No. 1A'!E31 -> 0
A65: 3.3.4 | B65: Tower type 4D25+4.5 m | C65: ='Schedule No. 1A'!D32 -> each | D65: ='Schedule No. 1A'!E32 -> 2
A66: 3.3.5 | B66: Tower type 4D25+6 m | C66: ='Schedule No. 1A'!D33 -> each | D66: ='Schedule No. 1A'!E33 -> 1
A67: 3.3.6 | B67: Tower type 4D25+9 m | C67: ='Schedule No. 1A'!D34 -> each | D67: ='Schedule No. 1A'!E34 -> 6
A68: 3.4 | B68: Tower type "4D45" | I68: =SUM(D62:D68) -> 9
A69: 3.4.1 | B69: Tower type 4D45 Standard | C69: ='Schedule No. 1A'!D36 -> each | D69: ='Schedule No. 1A'!E36 -> 0
A70: 3.4.2 | B70: Tower type 4D45+1.5 m | C70: ='Schedule No. 1A'!D37 -> each | D70: ='Schedule No. 1A'!E37 -> 0
A71: 3.4.3 | B71: Tower type 4D45+3 m | C71: ='Schedule No. 1A'!D38 -> each | D71: ='Schedule No. 1A'!E38 -> 0
A72: 3.4.4 | B72: Tower type 4D45+4.5 m | C72: ='Schedule No. 1A'!D39 -> each | D72: ='Schedule No. 1A'!E39 -> 0
A73: 3.4.5 | B73: Tower type 4D45+6 m | C73: ='Schedule No. 1A'!D40 -> each | D73: ='Schedule No. 1A'!E40 -> 1
A74: 3.4.6 | B74: Tower type 4D45+9 m | C74: ='Schedule No. 1A'!D41 -> each | D74: ='Schedule No. 1A'!E41 -> 1
A75: 3.5 | B75: Tower type "4DT6" | I75: =SUM(D69:D74) -> 2
A76: 3.5.1 | B76: Tower type 4DT6 Standard | C76: ='Schedule No. 1A'!D43 -> each | D76: ='Schedule No. 1A'!E43 -> 1
A77: 3.5.2 | B77: Tower type 4DT6+1.5 m | C77: ='Schedule No. 1A'!D44 -> each | D77: ='Schedule No. 1A'!E44 -> 0
A78: 3.5.3 | B78: Tower type 4DT6+3 m | C78: ='Schedule No. 1A'!D45 -> each | D78: ='Schedule No. 1A'!E45 -> 1
A79: 3.5.4 | B79: Tower type 4DT6+4.5 m | C79: ='Schedule No. 1A'!D46 -> each | D79: ='Schedule No. 1A'!E46 -> 0
A80: 3.5.5 | B80: Tower type 4DT6+6 m | C80: ='Schedule No. 1A'!D47 -> each | D80: ='Schedule No. 1A'!E47 -> 1
A81: 3.5.6 | B81: Tower type 4DT6+9 m | C81: ='Schedule No. 1A'!D48 -> each | D81: ='Schedule No. 1A'!E48 -> 4
A82: 3.6 | B82: Galvenized Tower Steel
A83: 3.6.1 | B83: Fabricated Tower Steel | C83: per ton | D83: 10
A84: 3.7 | B84: Auxiliary Crossarm for tower
A85: 3.7.1 | B85: Auxiliary crossarm for tower type 4DT6 | C85: per set of three | D85: 3
A86: 4 | B86: Testing of Foundations | I86: =SUM(D76:D81) -> 7
A87: 4.1 | B87: Individual Pile test including supply,install and test to prove compliance with technical specification, payment for successful test only (applicable for all tower types selected by the Employer's Engineer):
A88: (a) | B88: Compression test | C88: per test | D88: 2
A89: (b) | B89: Uplift test | C89: per test | D89: 2
A90: (c) | B90: Pile Integrity test | C90: per test | D90: 180
A91: 4A | B91: Tower Paint
A92: (a) | B92: Coal tar epoxy coatings on all tower steelwork up to 3.0m/HFL whichever is greater from ground level in accordance with the requirements of the Technical Specification | C92: per tower | D92: 45
A93: (b) | B93: Painting of tower having total height above GL exceeds 60m for aircraft navigation in accordance with the requirements of the Technical Specification | C93: per tower | D93: 28
A94: (c) | B94: Painting of tower (Reflecting Paint) upto 3 meter above epoxy coat in submerge area in accordance with the requirements of the Technical Specification | C94: per tower | D94: 5
A95: 5 | B95: Stringing of double circuit line, four conductors per phase, one OPGW and one conventional earthwire (length approx. Route km)
A96: 5.1 | B96: Conductor "ACSR Finch" (Double circuit line, both circuits erected, FOUR conductors per phase) including: Installation of insulator strings, compressed dead-ends, compression junction sleeves, suspension clamps, Sagging and clipping, Installation of armour rods and Dampers, Pilot strings and jumpers and any other works required as per specification. | C96: route km | D96: 13.5
A97: 5.2 | B97: One optical fibre ground wire, 48 fibres OPGW, mechanically compatible with ACSR Dorking shield wire, including joint box, including:Tension and semi-tension joints, suspension clamps, armour rods and dampers,Sagging and clipping, Installation of intermediate junction boxes and terminal junction boxes at substation gantries ,Earthing jumpers | C97: route km | D97: 13.5
A98: 5.3 | B98: ACSR "Dorking" earthwire with necessary midspan joints and repair sleeves. One earthwire on the line. | C98: route km | D98: 13.5
A99: 6 | B99: Dismantling & Bypass
A100: 6.1 | B100: Dismantling of existing line section (including tower, conductor, insulator and other accessories) whichever is required for line in/out, storing the dismantled materials at PGCB store | C100: per span | D100: 3
A101: 6.2 | B101: By passing the required line section with ERS which will be supplied under this Contract and other all necessary materials for by passing shall be collected from PGCB store. | C101: per span | D101: 3
A102: 6.3 | B102: Dismantling of by pass line after completing line in line out and storing the all the materials including ERS of by pass line at PGCB store | C102: per span | D102: 3
...
